 Dungeon Crawl Stone Soup version 0.26.1-11-gd32895ea62 (webtiles) character file.

Game seed: 10426629931515784425

464 nothank2 the Cudgeller (level 7, -1/41 HPs)
             Began as a Gargoyle Fighter on June 23, 2021.
             Was a Priest of Makhleb.
             Slain by a bullfrog (2 damage)
             ... in a sewer.
             The game lasted 00:06:29 (3492 turns).

nothank2 the Cudgeller (Gargoyle Fighter)           Turns: 3492, Time: 00:06:30

Health: -1/41      AC: 11    Str: 21    XL:     7   Next: 8%
Magic:  7/7        EV:  5    Int:  9    God:    Makhleb [***...]
Gold:   183        SH: 13    Dex:  9    Spells: 6/6 levels left

rFire    . . .     SeeInvis .   q - +2 flail (protect)
rCold    . . .     Faith    .   m - +0 tower shield
rNeg     + . .     Spirit   .   b - +0 scale mail
rPois    ∞         Reflect  .   (no helmet)
rElec    +         Harm     .   (no cloak)
rCorr    .         Rampage  .   (no gloves)
Will     .....                  (no boots)
Stlth    ..........             e - amulet of magic regeneration
HPRegen  0.13/turn              p - ring of poison resistance
MPRegen  0.35/turn              (no ring)

@: mighty
A: negative energy resistance 1, electricity resistance, unbreathing,
petrification resistance, miasma immunity, AC +4
a: Renounce Religion, Minor Destruction, Lesser Servant of Makhleb


You were in a sewer.
You worshipped Makhleb.
Makhleb was most pleased with you.
You visited 1 branch of the dungeon, and saw 3 of its levels.
You also visited: Sewer.

You collected 183 gold pieces.

Inventory:

Hand Weapons
 a - a +0 flail
 q - a +2 flail of protection (weapon)
Missiles
 h - 8 atropa-tipped darts (quivered)
Armour
 b - a +0 scale mail (worn)
 c - a +0 kite shield
 m - a +0 tower shield (worn)
Jewellery
 e - an amulet of magic regeneration (around neck)
 p - a ring of poison resistance (left hand)
Scrolls
 f - a scroll of immolation {unknown}
 i - 3 scrolls of identify {unknown}
 k - 2 scrolls of teleportation {unknown}
 n - a scroll of fear {unknown}
 o - a scroll of enchant armour {unknown}
 r - a scroll of noise {unknown}
 s - 2 scrolls of magic mapping {unknown}
 u - a scroll of fog {unknown}
 v - a scroll of blinking {unknown}
Potions
 d - a potion of might
 g - 2 potions of flight {unknown}
 j - 3 potions of heal wounds {unknown}
 l - 5 potions of curing {unknown}
 t - a potion of magic {unknown}


   Skills:
 - Level 3.2 Fighting
 + Level 7.4 Maces & Flails
 - Level 3.2 Armour
 - Level 3.2 Shields


You had 6 spell levels left.
You didn't know any spells.
Your spell library was empty.

Dungeon Overview and Level Annotations

Branches:
Dungeon (3/15)              Sewer (1/1)

Altars:
Fedhas
Kikubaaqudgha
Makhleb
Qazlal
Ru
Trog
The Shining One


Innate Abilities, Weirdness & Mutations

You are resistant to torment.
Your stone body is resilient. (AC +4)
You are immune to poison.
You resist negative energy. (rN+)
You are resistant to electric shocks. (rElec)
You can survive without breathing.
You are immune to petrification.
You are immune to miasma.


Message History

You closely miss the bullfrog.
The bullfrog is heavily wounded.
You block the adder's attack.
The bullfrog hits you but does no damage.
You block the adder's attack. The bullfrog hits you.
* * * LOW HITPOINT WARNING * * *
The adder bites you but does no damage. You block the adder's attack.
The bullfrog hits you but does no damage.
The adder bites you but does no damage. The bullfrog barely misses you.
The adder barely misses you.
You barely miss the bullfrog.
The bullfrog is heavily wounded.
The bullfrog hits you.
* * * LOW HITPOINT WARNING * * *
The bullfrog hits you but does no damage.
The adder bites you but does no damage. You block the adder's attack.
The adder barely misses you.
The bullfrog hits you but does no damage.
The adder bites you but does no damage. The bullfrog hits you.
You die...

#..'....# #..#....#
####...##
####################....#
...≈≈≈≈≈≈≈≈≈≈≈≈≈≈≈#.....#
..≈≈≈≈≈≈≈≈≈≈≈≈≈≈≈≈.....##
..≈≈≈≈≈≈J≈≈≈≈≈≈≈≈≈≈....#
S..≈≈≈≈S#F†≈≈≈≈≈≈≈≈....#
...S≈≈≈#S@F≈≈≈≈≈≈≈≈...##
..#≈≈≈≈SSS≈≈≈≈≈≈≈≈..###
###################


You could see 2 bullfrogs, an ooze, 3 adders and 2 ball pythons.

Vanquished Creatures
  A phantom (D:2)
  An orc wizard (D:3)
  Jessica (D:2)
  Natasha (twice) (D:2)
  11 adders
  4 river rats
  An ufetubus (D:2)
  3 oozes
  A worm (D:3)
  2 dart slugs
  4 leopard geckos
  6 orcs (D:3)
  2 giant cockroaches (D:1)
  6 goblins
  11 hobgoblins
  7 jackals
  7 kobolds
  3 quokkas
  6 ball pythons
  5 bats
  6 frilled lizards
  35 rats
125 creatures vanquished.

Notes
Turn   | Place    | Note
-------+----------+-------------------------------------------
     0 | D:1      | nothank2 the Gargoyle Fighter began the quest for the Orb.
     0 | D:1      | Reached XP level 1. HP: 14/14 MP: 1/1
    97 | D:1      | Reached XP level 2. HP: 7/19 MP: 2/2
   411 | D:1      | You fall into a shaft and drop 1 floor!
   541 | D:1      | Reached skill level 3 in Maces & Flails
   708 | D:1      | Reached XP level 3. HP: 23/23 MP: 3/3
  1154 | D:2      | Reached skill level 4 in Maces & Flails
  1307 | D:2      | Noticed a phantom
  1318 | D:2      | Reached XP level 4. HP: 22/28 MP: 4/4
  1375 | D:2      | Killed a phantom
  1376 | D:2      | Reached skill level 5 in Maces & Flails
  1376 | D:2      | Reached XP level 5. HP: 22/32 MP: 5/5
  1532 | D:2      | Found a faded altar of an unknown god.
  1537 | D:2      | Became a worshipper of Makhleb the Destroyer
  1537 | D:2      | Reached * piety under Makhleb
  1658 | D:2      | Noticed Natasha
  1662 | D:2      | Killed Natasha
  1680 | D:2      | Noticed Jessica
  1722 | D:2      | Killed Jessica
  1822 | D:2      | Noticed Natasha
  1831 | D:2      | Killed Natasha
  1832 | D:2      | Reached skill level 6 in Maces & Flails
  1832 | D:2      | Reached XP level 6. HP: 19/37 MP: 6/6
  2562 | D:3      | Found a stormy altar of Qazlal.
  2661 | D:3      | Reached ** piety under Makhleb
  2663 | D:3      | Found an ancient bone altar of Kikubaaqudgha.
  2698 | D:3      | Found a glowing golden altar of the Shining One.
  2834 | D:3      | Found a blossoming altar of Fedhas.
  2834 | D:3      | Found a bloodstained altar of Trog.
  2835 | D:3      | Found a sacrificial altar of Ru.
  3124 | D:3      | Found a glowing drain.
  3136 | Sewer    | Entered a sewer
  3217 | Sewer    | Reached skill level 7 in Maces & Flails
  3354 | Sewer    | Reached XP level 7. HP: 39/41 MP: 7/7
  3359 | Sewer    | Reached *** piety under Makhleb
  3492 | Sewer    | HP: 1/41 [bullfrog (4)]
  3492 | Sewer    | Slain by a bullfrog

Illustrated notes

Levels and vault maps discovered:
D:1:      saegor_arrival_simple_a, layout_loops_ring
D:2:      minmay_angry_zag, layout_basic, chequers_ecumenical_altar_grove,
          corexii_item_surrounded_by_moat, uniq_natasha, uniq_jessica
D:3:      layout_loops_ring, kiku_gazebo_pond_becter,
          gammafunk_temple_overflow_claw, lemuel_crystal_altar,
          nicolae_overflow_hidden_temple, cheibrodos_sewer_entry_sluice
Sewer:    sewer_minmay_w

Skill      XL: |  1  2  3  4  5  6 |
---------------+-------------------+-----
Maces & Flails | 3 4 5 6 7 |  7.4
Fighting       | |  3.2
Armour         | |  3.2
Shields        | |  3.2

Action                   |  1- 3 |  4- 6 |  7- 9 || total
-------------------------+-------+-------+-------++-------
Melee: Flail             |   162 |   326 |    38 ||   526
  Use: Potion            |       |       |     1 ||     1
Armor: Scale mail        |   107 |   158 |    76 ||   341
Dodge: Dodged            |    59 |    62 |    25 ||   146
Block: Kite shield       |    99 |    41 |       ||   140
       Tower shield      |       |   186 |    74 ||   260
